 Dungeon Crawl Stone Soup version 0.21-a0-221-gfe971b9 (webtiles) character file.

9 Moloch the Skirmisher (level 2, 18/24 HPs)
             Began as a Demonspawn Fighter on Aug 26, 2017.
             Quit the game on level 1 of the Dungeon.
             The game lasted 00:00:14 (375 turns).

Moloch the Skirmisher (Demonspawn Fighter)           Turns: 375, Time: 00:00:16

Health: 18/24      AC:  6    Str: 16    XL:     2   Next: 3%
Magic:  2/2        EV:  6    Int:  9    God:
Gold:   18         SH:  8    Dex: 12    Spells: 1/1 levels left

rFire    . . .     SeeInvis .   a - +0 war axe
rCold    . . .     Gourm    .   c - +0 shield
rNeg     . . .     Faith    .   b - +0 scale mail
rPois    .         Spirit   .   (no helmet)
rElec    .         Reflect  .   (no cloak)
rCorr    .         Harm     .   (no gloves)
MR       .....                  (no boots)
Stlth    ..........             (no amulet)
HPRegen  0.08/turn              (no ring)
MPRegen  0.08/turn              (no ring)

@: no status effects
A: demonic guardian 1
a: no special abilities


You were on level 1 of the Dungeon.
You were not hungry.

You visited 1 branch of the dungeon, and saw 1 of its levels.

You collected 18 gold pieces.

Inventory:

Hand Weapons
 a - a +0 war axe (weapon)
Armour
 b - a +0 scale mail (worn)
 c - a +0 shield (worn)
Scrolls
 h - a scroll of enchant weapon {unknown}
Potions
 d - a potion of might
 e - a potion of mutation {unknown}
Comestibles
 f - 3 bread rations
 g - a meat ration


   Skills:
 - Level 3.0 Fighting
 + Level 2.5 Axes
 - Level 2.6 Armour
 - Level 2.6 Shields


You had one spell level left.
You didn't know any spells.

Dungeon Overview and Level Annotations

Branches:
Dungeon (1/15)

Altars:


Innate Abilities, Weirdness & Mutations

A weak demonic guardian rushes to your aid.


Message History

A kobold comes into view. It is wielding a short sword.
The kobold shouts!
A hobgoblin comes into view.
Things that are here:
a scroll labeled YTENNUNOSM; 23 sling bullets The kobold hits you with a short sword.
Your shield and scale mail prevent you from hitting the hobgoblin.
You closely miss the kobold. You block the hobgoblin's attack.
The kobold hits you but does no damage.
You closely miss the hobgoblin.
Your shield and scale mail prevent you from hitting the kobold.
You block the hobgoblin's attack. The kobold barely misses you.
You block the hobgoblin's attack. The kobold hits you but does no damage.
You hit the hobgoblin.
You kill the hobgoblin!
You have reached level 2!
Your demonic ancestry asserts itself...
You feel the presence of a demonic guardian.
You closely miss the kobold. The kobold barely misses you.
Are you sure you want to abandon this character and quit the game? (Confirm with "yes".)

##### ##### #...####
....# #.#.... ....# ##
#.#..### ###....#
.#####.#....###.#....#
..............?.@K...#
....#####.#.....#..%.#
....# ...#.....#....#
....##.##[##.#..#.####
.##### #....#..... ##
..######... ... ...#
..# ...#


You could see a kobold.

Vanquished Creatures
  A leopard gecko (D:1)
  A bat (D:1)
  3 hobgoblins (D:1)
  A frilled lizard (D:1)
  A kobold (D:1)
7 creatures vanquished.

Notes
Turn   | Place    | Note
-------+----------+-------------------------------------------
     0 | D:1      | Moloch the Demonspawn Fighter began the quest for the Orb.
     0 | D:1      | Reached XP level 1. HP: 18/18 MP: 1/1
   374 | D:1      | Gained mutation: A weak demonic guardian rushes to your aid. [demonic ancestry]
   374 | D:1      | Reached XP level 2. HP: 18/24 MP: 2/2
   375 | D:1      | Quit the game

Vault maps used:
D:1:      shiori_arrival_elements, minmay_misc_feat_diagonals

Skill      XL: |  1 |
---------------+----+-----
Axes           | 2 |  2.5
Fighting       | |  3.0
Armour         | |  2.6
Shields        | |  2.6

Action                   || total
-------------------------++-------
Melee: War axe           ||    38
Armor: Scale mail        ||    36
Dodge: Dodged            ||     9
Block: Shield            ||    27

Table legend:
 A = Spawn XP
 B = Non-spawn XP
 C = Spawn XP percentage of total XP
 D = Spawn monster count
 E = Non-spawn monster count
 F = Spawn count percentage of total count
 G = Total turns spent on level
                    A         B        C        D         E        F      G
               +---------+---------+-------+---------+---------+-------+---------
         Total |       2 |      11 |  15.4 |       1 |       6 |  14.3 |   375
               +---------+---------+-------+---------+---------+-------+---------
           D:1 |       2 |      11 |  15.4 |       1 |       6 |  14.3 |   375
               +---------+---------+-------+---------+---------+-------+---------
